Map: Dusk Towers

Players

Uply - Winner!

  • Race: Zerg Zerg

JusticeSimon

  • Race: Protoss Protoss
  • League: Master

VOD

Have the link to the VOD?

Description

Time

  • Played on: March 13, 2016, 3:12 a.m.
  • Length: 4:38
Show
View Real Time Build Order
Export as new Build Order

Uply Zerg - Winner!

Build Orders: Hatch First, Zergling Baneling 

Get SALT Encoding   

  12  0:00  Drone  
  13  0:12  Overlord  
  13  0:17  Drone  
  13  0:21  Extractor  
  13  0:24  Drone  
  15  0:30  Drone  
  15  0:34  Drone  
  17  0:53  Hatchery  
  17  0:56  Drone  
  17  1:10  Spawning Pool  
  16  1:13  Drone  
  16  1:15  Drone  
  18  1:20  Extractor  
  18  1:21  Drone  
  19  1:32  Drone  
  19  1:39  Drone  
  20  1:49  Overlord  
  20  2:01  Queen  
  20  2:06  Queen  
  24  2:14  Drone  
  25  2:16  Zergling x6  
  28  2:26  Drone  
  29  2:39  Metabolic Boost  
  29  2:49  Zergling x8  
  29  2:50  Zergling x2  
  34  2:56  Baneling Nest  
  33  2:59  Zergling x2  
  34  3:08  Zergling x4  
  36  3:13  Overlord x3  
  36  3:32  Zergling x2  
  36  3:33  Zergling x10  
  42  3:40  Zergling x2  
  42  3:41  Zergling x6  
  46  3:42  Baneling  
  46  3:43  Baneling x3  
  45  4:03  Zergling x10  
  45  4:06  Baneling x2  
  45  4:09  Zergling x2  
  51  4:10  Zergling x2  
  52  4:17  Zergling x2  
  52  4:19  Baneling x4  
Show
View Real Time Build Order
Export as new Build Order

JusticeSimon Protoss 

Build Orders: Nexus First 

Get SALT Encoding   

  12  0:01  Probe (Chrono Boost)  
  13  0:11  Probe (Chrono Boost)  
  14  0:18  Pylon  
  14  0:22  Probe (Chrono Boost)  
  15  0:36  Probe (Chrono Boost)  
  16  0:46  Probe (Chrono Boost)  
  17  0:58  Nexus  
  17  1:09  Gateway  
  17  1:12  Probe (Chrono Boost)  
  17  1:17  Assimilator  
  18  1:24  Probe (Chrono Boost)  
  19  1:27  Assimilator  
  19  1:35  Probe (Chrono Boost)  
  20  1:40  Gateway  
  20  1:45  Probe (Chrono Boost)  
  21  1:56  Probe (Chrono Boost)  
  21  2:01  Cybernetics Core  
  22  2:06  Probe (Chrono Boost)  
  23  2:11  Zealot (Chrono Boost)  
  23  2:13  Probe  
  26  2:23  Probe  
  27  2:38  Adept x2 (Chrono Boost)  
  27  2:39  Warp Gate (Chrono Boost)  
  27  2:42  Probe  
  33  2:45  Mothership Core (Chrono Boost)  
  33  2:55  Probe (Chrono Boost)  
  34  3:01  Pylon  
  34  3:06  Probe x2 (Chrono Boost)  
  36  3:16  Probe (Chrono Boost)  
  36  3:17  Probe (Chrono Boost)  
  36  3:18  Robotics Facility  
  39  3:27  Probe x2 (Chrono Boost)  
  39  3:31  Pylon  
  40  3:38  Sentry x2  
  44  3:43  Probe (Chrono Boost), Twilight Council  
  44  3:44  Probe (Chrono Boost)  
  46  3:49  Pylon  
  46  4:00  Probe (Chrono Boost)  
  46  4:01  Probe (Chrono Boost)  
  44  4:05  Adept x2  
  48  4:10  Probe  
  48  4:13  Probe, Pylon  
  50  4:27  Dark Shrine  
Tags
 
Add a new tag
Caveats
  • Supply blocks, unpowered buildings, or Contaminate may cause inaccurate times.
  • Supply counts are checked every 10 seconds.